 Dungeon Crawl Stone Soup version 0.28-a0-1395-g4f6bc678fa (webtiles) character file.

Game seed: 10989113160831049180

241 frimble the Cutter (level 5, -8/38 HPs)
             Began as a Demonspawn Warper on Jan 4, 2022.
             Killed by divine providence
             ... invoked by an orc priest
              (11 damage)
             ... on level 3 of the Dungeon on Jan 5, 2022.
             The game lasted 00:05:29 (3287 turns).

frimble the Cutter (Demonspawn Warper)              Turns: 3287, Time: 00:05:30

Health: -8/38      AC: 11    Str: 11    XL:     5   Next: 80%
Magic:  17/17      EV: 10    Int: 17    God:
Gold:   141        SH:  0    Dex: 12    Spells: 6/8 levels left

rFire   . . .      SeeInvis .   a - +0 short sword
rCold   . . .      Faith    .   (no shield)
rNeg    + . .      Spirit   .   r - +4 ring mail of the Wasteland {rN+}
rPois   .          Reflect  .   (no helmet)
rElec   .          Harm     .   (no cloak)
rCorr   .          Rampage  .   (no gloves)
Will    .....                   (no boots)
Stlth   +.........              (no amulet)
HPRegen 0.12/turn               j - ring of magical power
MPRegen 0.15/turn               (no ring)

@: no status effects
A: icy blue scales 1, powered by death 1, demonic magic 1
a: no special abilities


You were on level 3 of the Dungeon.
You visited 1 branch of the dungeon, and saw 3 of its levels.

You collected 141 gold pieces.

Inventory:

Hand Weapons
 a - a +0 short sword (weapon)
 b - a +0 war axe of electrocution
Missiles
 d - 5 boomerangs of dispersal
 e - 38 poisoned darts (quivered)
Armour
 r - the +4 ring mail of the Wasteland (worn) {rN+}
   (You found it on level 3 of the Dungeon)

   rN:        It protects you from negative energy.
Jewellery
 h - a ring of ice
 j - a ring of magical power (left hand)
 m - a ring of flight
Scrolls
 c - 2 scrolls of blinking
 f - 3 scrolls of identify {unknown}
 g - a scroll of teleportation {unknown}
 l - a scroll of fog
 n - a scroll of silence {unknown}
 q - a scroll of enchant armour {unknown}
Potions
 i - a potion of mutation {unknown}
 k - a potion of curing {unknown}
 o - a potion of ambrosia {unknown}
 p - 2 potions of attraction {unknown}
 s - a potion of magic {unknown}
 t - 2 potions of brilliance {unknown}


   Skills:
 - Level 2.0 Fighting
 + Level 3.5 Short Blades
 + Level 3.0 Throwing
 - Level 0.8 Armour
 - Level 2.6 Dodging
 - Level 2.0 Stealth
 - Level 2.0 Spellcasting
 + Level 2.8 Translocations


You had 6 spell levels left.
You knew the following spells:

 Your Spells              Type           Power      Damage    Failure   Level
a - Blink                 Tloc           22%        N/A       22%         2

Your spell library contained the following spells:

 Spells                   Type           Power      Damage    Failure   Level
 Gell's Gravitas          Tloc           11%        N/A       41%         3
 Lesser Beckoning         Tloc           11%        N/A       41%         3
 Teleport Other           Tloc           11%        N/A       41%         3
 Manifold Assault         Tloc           11%        N/A       99%         5


Dungeon Overview and Level Annotations

Branches:
Dungeon (3/15)

Altars:
Hepliaklqana
Okawaru
Wu Jian

Annotations:
D:3 3 runed translucent doors, eustatius's ghost, amateur TeVM


Innate Abilities, Weirdness & Mutations

You are partially covered in icy blue scales. (AC +2)
You regenerate a little health from kills.
Spells you cast may paralyse adjacent enemies.


Message History

You hit the orc priest.
The orc priest is heavily wounded.
The orc priest misses you. The orc closely misses you.
You closely miss the orc priest.
The orc priest is heavily wounded.
The orc priest hits you but does no damage.
The orc closely misses you.
You closely miss the orc priest.
The orc priest is heavily wounded.
The orc hits you but does no damage.
The orc priest calls down the wrath of Beogh upon you.
Beogh smites you!
You are too injured to fight recklessly!
You are too injured to fight recklessly!
You are too injured to fight recklessly!
You are too injured to fight recklessly!
You are too injured to fight recklessly!
You are too injured to fight recklessly!
The orc hits you but does no damage.
Throw: 40 darts (poison)
Press: ? - help, Q - select action, (/) - cycle Shift-Dir - straight line, f - orc
Aim: an orc, wielding a +0 club (59% to hit)
You throw a poisoned dart.
The poisoned dart barely misses the orc.
The poisoned dart hits the orc.
The orc is poisoned.
The orc priest mumbles some strange prayers to Beogh against you.
Beogh smites you!
Things that are here:
a +0 chain mail; an orc skeleton Throw: 39 darts (poison)
Press: ? - help, Q - select action, (/) - cycle Shift-Dir - straight line, f/p - orc
Aim: an orc, wielding a +0 club (59% to hit)
You throw a poisoned dart. The poisoned dart hits the orc.
The orc is poisoned.
The orc closely misses you.
The orc priest calls down the wrath of Beogh upon you.
Beogh smites you!
* * * LOW HITPOINT WARNING * * *
The orc priest mumbles some strange prayers to Beogh against you.
Beogh smites you!
You die...

.# #....#..# ##.>.# .#
#..####.### ###.. .#####..#
#...######## #.. ...#....#
###........## ######.#
.....#..### ########.>#
#......# ##.....o..#
##.###.######
#.#.##.#.####### #.#...#
...#....#.(o.o[.######...###
######..#######o@...#....#
###### #..#
#####...##.###..... #...#
######......... #...#
#####..... ###.# ######


You could see an orc priest and 2 orcs.

Vanquished Creatures
  A scorpion (D:2)
  An iguana (D:3)
  Terence (D:2)
  4 gnolls (D:2)
  2 adders
  A worm (D:3)
  2 dart slugs
  An orc (D:3)
  7 ball pythons
  7 endoplasms
  3 giant cockroaches
  6 goblins
  4 hobgoblins
  10 kobolds
  4 quokkas
  6 bats
  6 frilled lizards
  4 rats
70 creatures vanquished.

Vanquished Creatures (others)
  11 fungi (D:3)
11 creatures vanquished.

Grand Total: 81 creatures vanquished

Notes
Turn   | Place    | Note
-------+----------+-------------------------------------------
     0 | D:1      | frimble the Demonspawn Warper began the quest for the Orb.
     0 | D:1      | Reached XP level 1. HP: 16/16 MP: 3/3
     8 | D:1      | Upgraded the game from 0.28-a0-1389-gc726bef33b to
                  | 0.28-a0-1395-g4f6bc678fa
    50 | D:1      | Reached skill level 1 in Throwing
   183 | D:1      | Gained mutation: You regenerate a little health from kills.
                  | [demonic ancestry]
   183 | D:1      | Reached XP level 2. HP: 18/22 MP: 5/5
   778 | D:1      | Found a faded altar of an unknown god.
   817 | D:1      | Reached XP level 3. HP: 27/27 MP: 6/6
   924 | D:1      | Learned a level 2 spell: Blink
  1411 | D:2      | Noticed Terence
  1435 | D:2      | Killed Terence
  1601 | D:2      | Noticed a scorpion
  1607 | D:2      | Killed a scorpion
  1608 | D:2      | Reached skill level 1 in Stealth
  1608 | D:2      | Gained mutation: You are partially covered in icy blue
                  | scales. (AC +2) [demonic ancestry]
  1608 | D:2      | Reached XP level 4. HP: 33/33 MP: 7/7
  2022 | D:2      | Gained mutation: Spells you cast may paralyse adjacent
                  | enemies. [demonic ancestry]
  2022 | D:2      | Reached XP level 5. HP: 30/38 MP: 8/8
  2880 | D:3      | Identified the +4 ring mail of the Wasteland {rN+}
  3073 | D:3      | Found a runed translucent gate.
  3073 | D:3      | Found a runed translucent gate.
  3085 | D:3      | Found a runed translucent gate.
  3096 | D:3      | Found an ornate altar of the Wu Jian Council.
  3110 | D:3      | Noticed eustatius's ghost (amateur TeVM)
  3129 | D:3      | Found a hazy altar of Hepliaklqana.
  3143 | D:3      | Found an iron altar of Okawaru.
  3287 | D:3      | Killed from afar by an orc priest

Illustrated notes

Levels and vault maps discovered:
D:1:      mrwooster_arrival_statue, layout_rooms,
          shapermc_ecumenical_altar_starsandcircs, hangedman_feature_mirror,
          serial_park_tiny_pond
D:2:      minmay_inner_zag, layout_rooms, uniq_terence
D:3:      layout_rooms, mainiacjoe_overflow_tiny_flanked,
          mainiacjoe_overflow_catch_the_wave, gammafunk_ghost_necromancy,
          minivault_25

Skill      XL: |  1  2  3  4  5 |
---------------+----------------+-----
Throwing       | 1 2 3 |  3.0
Short Blades   | 2 3 |  3.5
Dodging        | 2 |  2.6
Stealth        | 1 2 |  2.0
Fighting       | |  2.0
Armour         | |  0.8
Spellcasting   | |  2.0
Translocations | |  2.8

Action                   |  1- 3 |  4- 6 || total
-------------------------+-------+-------++-------
Melee: Short sword       |   112 |   122 ||   234
Throw: Dart              |    32 |    41 ||    73
 Cast: Blink             |     1 |     3 ||     4
  Use: Scroll            |     1 |       ||     1
       Potion            |     1 |       ||     1
 Stab: Sleeping          |       |     3 ||     3
Armor: Leather armour    |    43 |    28 ||    71
       Ring mail         |       |    15 ||    15
Dodge: Dodged            |    87 |    77 ||   164

Table legend: (Time is in decaauts)
 A = Elapsed time spent in this place.
 B = Non-inter-level travel time spent in this place.
 C = Inter-level travel time spent in this place.
 D = Time resting spent in this place.
 E = Time spent auto-exploring this place.
 F = Levels seen in this place.
 G = Mean time per level.
                   A        B        C        D        E       F      G
               +--------+--------+--------+--------+--------+-----+--------+
         Total |   3269 |   3162 |    107 |      0 |   2403 |   3 | 1089.7 |
       Dungeon |   3269 |   3162 |    107 |      0 |   2403 |   3 | 1089.7 |
               +--------+--------+--------+--------+--------+-----+--------+

Top non-repeatable levels by time:
     D:1: 1386 daAuts
     D:2: 1298 daAuts
     D:3: 585 daAuts
